 Dungeon Crawl Stone Soup version 0.25.0-46-gbd7b0854d2 (webtiles) character file.

Game seed: 8809348263668501561

77 Fascinator the Skirmisher (level 4, 0/38 HPs)
             Began as a Demonspawn Fighter on July 15, 2020.
             Was an Initiate of Qazlal.
             Slain by a phantom (4 damage)
             ... on level 4 of the Dungeon.
             The game lasted 00:07:10 (2428 turns).

Fascinator the Skirmisher (Demonspawn Fighter)      Turns: 2428, Time: 00:07:10

Health: 0/38       AC: 11    Str: 18    XL:     4   Next: 13%
Magic:  0/5        EV:  7    Int:  9    God:    Qazlal [......]
Gold:   205        SH:  9    Dex: 12    Spells: 3/3 levels left

rFire    . . .     SeeInvis .   a - +0 war axe
rCold    . . .     Gourm    .   c - +0 kite shield
rNeg     . . .     Faith    .   b - +0 scale mail
rPois    .         Spirit   +   i - +0 helmet
rElec    .         Reflect  .   m - +0 cloak
rCorr    .         Harm     .   l - +0 pair of gloves
MR       .....                  (no boots)
Stlth    ..........             (no amulet)
HPRegen  0.12/turn              q - ring of flight
MPRegen  0.09/turn              (no ring)

@: no status effects
A: hooves 1, rugged brown scales 1, magic shield
a: Renounce Religion, Evoke Flight


You were on level 4 of the Dungeon.
You worshipped Qazlal.
Qazlal was noncommittal.
You were not hungry.

You visited 1 branch of the dungeon, and saw 4 of its levels.

You collected 205 gold pieces.

Inventory:

Hand Weapons
 a - a +0 war axe (weapon)
Armour
 b - a +0 scale mail (worn)
 c - a +0 kite shield (worn)
 i - a +0 helmet (worn)
 l - a +0 pair of gloves (worn)
 m - a +0 cloak (worn)
Jewellery
 n - an uncursed ring of ice
 q - a ring of flight (left hand)
Wands
 t - a wand of iceblast (4)
Scrolls
 j - a scroll of teleportation
 o - 6 scrolls of identify {unknown}
 p - a scroll of magic mapping {unknown}
 r - a scroll of noise {unknown}
 s - a scroll of immolation {unknown}
 x - a scroll of fog {unknown}
Potions
 d - a potion of might
 e - 4 potions of degeneration {unknown}
 g - 4 potions of curing {unknown}
 h - 2 potions of brilliance {unknown}
 k - a potion of mutation {unknown}
 u - 2 potions of invisibility {unknown}
 v - a potion of magic {unknown}
 w - 2 potions of heal wounds {unknown}
Comestibles
 f - 7 rations
 z - a chunk of flesh


   Skills:
 * Level 3.9 Fighting
 - Level 1.7 Axes
 + Level 3.4 Armour
 + Level 0.2 Dodging
 + Level 2.9 Shields
 * Level 1.3 Invocations


You had 3 spell levels left.
You didn't know any spells.
Your spell library was empty.

Dungeon Overview and Level Annotations

Branches:
Dungeon (4/15)
 Temple: D:4-7

Altars:
Qazlal


Innate Abilities, Weirdness & Mutations

You have large cloven feet.
You are partially covered in rugged brown scales. (AC +1, +3% HP)
When hurt, damage is shared between your health and your magic reserves.


Message History

The phantom completely misses you.
You closely miss the phantom.
The phantom is severely damaged.
The phantom closely misses you. The phantom hits you.
* * * LOW HITPOINT WARNING * * *
You hit the phantom but do no damage. You kick the phantom.
The phantom is severely damaged.
The phantom hits you but does no damage.
You closely miss the phantom.
The phantom is severely damaged.
You block the phantom's attack. The phantom hits you!
* * * LOW HITPOINT WARNING * * *
You closely miss the phantom. You kick the phantom, but do no damage.
The phantom is severely damaged.
The phantom closely misses you.
You hit the phantom but do no damage. You kick the phantom.
The phantom is almost destroyed.
The phantom hits you but does no damage.
The phantom hits you.
You die...

##############
#............###########
.....##.................
.........@............##
..........W..)..$.....=#
#>...................... .
.............###.####.....
##..#........##.#.###.....
#..#....#........รท.......
......#.####.##...####..#.
# ..#.#.# ##.#.....#
#..#.#.###.#......###.#


You could see a phantom.

Vanquished Creatures
  2 adders
  2 worms
  A dart slug (D:1)
  A leopard gecko (D:4)
  10 orcs (D:3)
  4 bats (D:3)
  A giant cockroach (D:1)
  6 goblins
  5 hobgoblins
  A kobold (D:1)
  A quokka (D:4)
  2 rats (D:3)
36 creatures vanquished.

Notes
Turn   | Place    | Note
-------+----------+-------------------------------------------
     0 | D:1      | Fascinator the Demonspawn Fighter began the quest for the
                  | Orb.
     0 | D:1      | Reached XP level 1. HP: 18/18 MP: 1/1
   389 | D:1      | Gained mutation: You have large cloven feet. [demonic
                  | ancestry]
   389 | D:1      | Reached XP level 2. HP: 24/24 MP: 2/2
   974 | D:2      | Found a stormy altar of Qazlal.
   986 | D:2      | Became a worshipper of Qazlal Stormbringer
  1361 | D:3      | Gained mutation: You are partially covered in rugged brown
                  | scales. (AC +1, +3% HP) [demonic ancestry]
  1361 | D:3      | Reached XP level 3. HP: 24/29 MP: 3/3
  1602 | D:3      | Reached skill level 1 in Invocations
  1868 | D:3      | Gained mutation: When hurt, damage is shared between your
                  | health and your magic reserves. [demonic ancestry]
  1868 | D:3      | Reached XP level 4. HP: 38/38 MP: 4/4
  2365 | D:4      | Noticed a phantom
  2428 | D:4      | Slain by a phantom

Illustrated notes

Levels and vault maps discovered:
D:1:      dpeg_arrival_chambers_temple_mockup, layout_basic
D:2:      layout_basic, grunt_qazlal_sundering
D:3:      wander_river, layout_loops_ring, first_ration
D:4:      minmay_evil_eye, layout_loops_ring, minmay_temple_entry_waves

Skill      XL: |  1  2  3 |
---------------+----------+-----
Armour         | 3 |  3.4
Invocations    | 1 |  1.3
Fighting       | |  3.9
Axes           | |  1.7
Dodging        | |  0.2
Shields        | |  2.9

Action                   |  1- 3 |  4- 6 || total
-------------------------+-------+-------++-------
Melee: War axe           |    74 |    59 ||   133
       Kick              |    18 |    15 ||    33
  Use: Scroll            |     2 |       ||     2
  Eat: Chunk             |     3 |     2 ||     5
Armor: Scale mail        |    38 |    23 ||    61
Dodge: Dodged            |    25 |    18 ||    43
Block: Kite shield       |    45 |    24 ||    69
